[ AOE2 MATCH · #469668581 ]
UnrankedBurmese vs Khmer
Player's team · LOSS
Rival team · WIN
[ REPLAY ANALYSIS · EXTRACTED FROM THE RECORDED GAME ]
Feudal
—
Castle
—
Imperial
—
| APM avg | 43.1 |
| APM peak | 73 |
| eAPM avg | 12.6 |
| Villagers / military | 20 / 0 |
Focus
⚔️ 17.4% · 🌾 82.6%
Feudal
—
Castle
—
Imperial
—
| APM avg | 55.1 |
| APM peak | 78 |
| eAPM avg | 11.3 |
| Villagers / military | 14 / 0 |
Focus
⚔️ 21.3% · 🌾 78.7%
Match map
Initial resources + every placement click. Lines = walls · curves = elevation contours. ◆ gold · ⬟ stone · ● berries · ✦ relic · ◌ wall gap
Inputs per minute
— HellHammer - - Vassili8000™
Build order — HellHammer
26 actions detected in the replay
| 0:01 | Create | Villager (Male) |
| 0:02 | Create | Villager (Male) |
| 0:04 | Build | House |
| 0:05 | Build | House |
| 0:25 | Create | Villager (Male) |
| 0:54 | Create | Villager (Male) |
| 1:42 | Create | Villager (Male) |
| 1:42 | Create | Villager (Male) |
| 1:47 | Build | Lumber Camp |
| 1:57 | Create | Villager (Male) |
| 2:30 | Create | Villager (Male) |
| 2:30 | Create | Villager (Male) |
| 3:00 | Create | Villager (Male) |
| 3:00 | Create | Villager (Male) |
| 3:05 | Create | Villager (Male) |
| 3:05 | Create | Villager (Male) |
| 3:47 | Build | House |
| 3:53 | Create | Villager (Male) |
| 3:53 | Create | Villager (Male) |
| 3:53 | Create | Villager (Male) |
| 3:53 | Create | Villager (Male) |
| 3:55 | Create | Villager (Male) |
| 4:03 | Build | House |
| 4:15 | Create | Villager (Male) |
| 4:15 | Create | Villager (Male) |
| 4:29 | Build | Mill |
Build order — Vassili8000™
20 actions detected in the replay
| 0:02 | Create | Villager (Male) |
| 0:02 | Create | Villager (Male) |
| 0:03 | Build | House |
| 0:04 | Build | House |
| 0:26 | Create | Villager (Male) |
| 0:26 | Create | Villager (Male) |
| 0:26 | Create | Villager (Male) |
| 1:27 | Create | Villager (Male) |
| 1:27 | Create | Villager (Male) |
| 1:57 | Build | Lumber Camp |
| 1:58 | Create | Villager (Male) |
| 2:33 | Create | Villager (Male) |
| 2:54 | Create | Villager (Male) |
| 2:57 | Create | Villager (Male) |
| 3:33 | Build | House |
| 3:35 | Create | Villager (Male) |
| 4:03 | Build | Palisade Wall |
| 4:09 | Create | Villager (Male) |
| 4:11 | Create | Villager (Male) |
| 4:39 | Build | Palisade Wall |
Match timeline
| 4:03 | Vassili8000™ · wall_segment Palisade Wall x5 |
| 4:39 | Vassili8000™ · wall_segment Palisade Wall x9 |
| 4:46 | HellHammer · resign |
[ AI ANALYSIS · 1 CREDIT ]
What really happened in this match?
Wolo.gg analyzes every decision: build order, eco, micro, common mistakes by bracket. Personalized analysis on WhatsApp or Discord in 30 seconds.
Civ guide
Burmese
Perfil
Jugador #28567